AoeStats
← 乌萨奇

Arabia

510230368Analyzed
2v2 RM · 21h ago on Sep 30, 2026· 55m 12s· 4 players
Game mode
Random Map
Map size
Medium (4 player)
Population
200
Speed
Normal
Resources
Standard
Victory
Conquest
Starting age
Dark Age
Ending age
Imperial Age
RankedLock teamsTeams togetherTeam positionsShared explorationLock speedFull tech treeHidden civsTurbo modeCheats
Victory
Defeat
🇵🇪 Burgundians · Peru
1170
+16
🇨🇳 Gurjaras · China
1118
+18
🇲🇽 Jurchens · Mexico
1189
-18
🇲🇽 Huns · Mexico
1141
-16
ChetosF
7:10 Loom
9:55 Feudal Age
10:53 Double-Bit Axe
14:04 Bloodlines
16:05 Wheelbarrow
18:19 Scale Barding Armor
18:28 Forging
19:03 Scale Barding Armor
22:50 Castle Age
21:41 Fletching
23:34 Husbandry
23:32 Bodkin Arrow
29:26 Padded Archer Armor
31:06 Leather Archer Armor
34:00 Ballistics
35:45 Thumb Ring
41:08 Gold Mining
45:45 Imperial Age
44:41 Murder Holes
46:57 Bracer
49:09 Parthian Tactics
50:04 Hand Cart
51:11 Iron Casting
50:36 Scale Mail Armor
54:08 Pikeman
Marin Pinwin
6:35 Loom
9:45 Feudal Age
10:41 Double-Bit Axe
19:25 Forging
19:21 Scale Barding Armor
21:13 Bloodlines
25:38 Castle Age
28:10 Iron Casting
27:51 Gold Mining
30:47 Gold Shaft Mining
30:25 Bow Saw
32:31 Chain Barding Armor
36:33 Wheelbarrow
37:22 Husbandry
40:39 Pikeman
41:19 Squires
41:05 Gambesons
41:06 Arson
50:16 Imperial Age
50:40 Elite Steppe Lancer
53:13 Blast Furnace
52:49 Plate Barding Armor
RaskWarrioR
6:34 Loom
9:06 Feudal Age
22:15 Double-Bit Axe
27:01 Castle Age
25:54 Gold Mining
26:48 Scale Barding Armor
26:56 Forging
27:22 Bow Saw
27:51 Wheelbarrow
28:10 Gold Shaft Mining
27:17 Horse Collar
28:55 Chain Barding Armor
27:56 Cavalier
29:39 Light Cavalry
30:15 Fletching
30:14 Light Cavalry
32:07 Husbandry
33:51 Iron Casting
33:54 Light Cavalry
34:30 Light Cavalry
38:41 Light Cavalry
40:38 Hand Cart
41:24 Two-Man Saw
53:32 Heavy Plow
55:38 Burgundian Vineyards
乌萨奇
9:29 Feudal Age
9:35 Loom
10:13 Double-Bit Axe
12:15 Horse Collar
16:37 Bloodlines
16:35 Scale Barding Armor
16:41 Forging
24:43 Castle Age
23:19 Wheelbarrow
24:58 Gold Mining
27:01 Gold Shaft Mining
26:37 Bow Saw
26:29 Heavy Plow
26:54 Husbandry
30:11 Chain Barding Armor
35:00 Fletching
35:11 Padded Archer Armor
35:39 Stone Mining
37:15 Iron Casting
36:36 Bodkin Arrow
36:56 Leather Archer Armor
43:07 Imperial Age
43:37 Heavy Camel Rider
44:56 Plate Barding Armor
45:16 Conscription
49:22 Hand Cart
Connection lost

Rejoining the realm…

Still unreachable

The connection could not be restored.

Session expired

The server has moved on; the page needs a fresh start.